[Event "Early-Titled-Tuesday-Blitz-February-20-2024"]
[Site "Chess.com"]
[Date "2024.02.20"]
[Round "11"]
[White "Shuvalov"]
[Black "wqws"]
[Result "0-1"]
[WhiteElo "2509"]
[BlackElo "2667"]
[TimeControl "180+1"]
[EndTime "10:10:18 PST"]
[Termination "wqws won on time"]

1. d4 Nf6 2. c4 g6 3. Nc3 Bg7 4. e4 d6 5. Nf3 O-O 6. Be2 e5 7. O-O Nc6 8. d5 Ne7 9. Ne1 Nd7 10. f3 f5 11. g4 fxg4 12. fxg4 Rxf1+ 13. Kxf1 Nf6 14. Nd3 Bd7 15. Nf2 Qf8 16. Kg2 Kh8 17. Be3 Nfg8 18.
g5 h5 19. h4 Qc8 20. Rc1 Be8 21. c5 Qd8 22. Qb3 b6 23. cxd6 cxd6 24. Qa3 Bf8 25.
Bb5 Bf7 26. Ba6 Bg7 27. Kg3 Nf5+ 28. exf5 gxf5 29. Kg2 Ne7 30. Rd1 Ng6 31. Rh1 f4 32. Bc1 Nxh4+ 33. Kf1 Qxg5 34. Rg1 Qe7 35. Nce4 Bxd5 36.
Qxd6 Qxd6 37. Nxd6 Rd8 38. Nde4 Bxa2 39. Rh1 Ng6 40.
Rxh5+ Kg8 41. Bd2 Bf7 42. Bc3 Kf8 43. Rh3 Ne7 44. Bb4 Rd4 45. Bxe7+ Kxe7 46. Ke2 Rb4 47.
b3 Rxb3 48. Rxb3 Bxb3 49. Kd2 Kd7 50. Kc3 Bd5 51. Bc4 Kc6 52. Bxd5+ Kxd5 53. Kd3 a5 54. Nc3+ Kc5 55. Nfe4+ Kc6 56. Kc4 Bf8 57. Nb5 Bc5 58.
Nbc3 Bd4 59. Nb5 Bb2 0-1

[Event "Early-Titled-Tuesday-Blitz-February-20-2024"]
[Site "Chess.com"]
[Date "2024.02.20"]
[Round "11"]
[White "VladimirKramnik"]
[Black "BilodeauA"]
[Result "1/2-1/2"]
[WhiteElo "2982"]
[BlackElo "3029"]
[TimeControl "180+1"]
[EndTime "10:10:19 PST"]
[Termination "Game drawn by repetition"]

1. e4 e5 2. Nf3 Nc6 3. Bc4 Bc5 4. d3 Nf6 5. O-O d6 6. c3 Bb6 7. a4 h6 8. Re1 O-O 9. Nbd2 a5 10. Nf1 Re8 11. Ng3 d5 12. exd5 Nxd5 13. d4 Be6 14. dxe5 Nxc3 15. Qxd8 Raxd8 16. Bxe6 Nd1 17. Bb3 Bxf2+ 18.
Kf1 Bxe1 19. e6 Rxe6 20. Bxe6 Bxg3 21. Bb3 Be5 22. Nxe5 Nxe5 23. Ke2 Nxb2 24. Bxb2 Nc6 25. Rf1 Rd7 26. Rf5 b6 27. Rd5 Re7+ 28. Kf3 Kh7 29. Bc2+ g6 30. h4 Kg8 31. h5 gxh5 32. Be4 Re6 33. Rxh5 Ne7 34. g4 Ng6 35. Bd5 Rd6 36. Ke4 c6 37. Bc4 Rd2 38. Bf6 Rg2 39.
Kf3 Rc2 40. Bd3 Rd2 41. Bxg6 fxg6 42. Rxh6 Kf7 43. g5 Ra2 44. Rh7+ Ke6 45. Re7+ Kd6 46.
Rg7 Ra3+ 47. Ke2 Rxa4 48. Rxg6 Ke6 49. Rg8 Rg4 50. Re8+ Kf5 51. Kf3 Rf4+ 52. Kg3 Rg4+ 53. Kh3 Rg1 54. Re5+ Kg6 55. Re6 Rb1 56. Rxc6 a4 57. Kg4 Rb4+ 58. Bd4+ Kf7 59. g6+ Ke7 60. g7 Rxd4+ 61. Kf5 Kf7 62. Rc7+ Kg8 63. Ra7 b5 64. Ke6 Rg4 65. Kf6 Rf4+ 66. Kg6 Rg4+ 67. Kf6 Rf4+ 68. Kg6 Rg4+ 69. Kh6 Rh4+ 70. Kg6 Rg4+ 1/2-1/2

[Event "Early-Titled-Tuesday-Blitz-February-20-2024"]
[Site "Chess.com"]
[Date "2024.02.20"]
[Round "11"]
[White "Chesstiger64"]
[Black "PavelChernomordik"]
[Result "1-0"]
[WhiteElo "2328"]
[BlackElo "2437"]
[TimeControl "180+1"]
[EndTime "10:10:26 PST"]
[Termination "Chesstiger64 won on time"]

1. d4 g6 2. c4 Bg7 3. Nc3 d6 4. e4 c6 5. f4 a6 6. Nf3 b5 7. Bd3 Bg4 8. Be3 Qb6 9. Be2 e5 10. Qd2 Bxf3 11. dxe5 Qa5 12. gxf3 dxe5 13. fxe5 Bxe5 14.
Bd4 Qc7 15. Bxe5 Qxe5 16. O-O-O Qe7 17. e5 Nd7 18. f4 Nh6 19. Bf3 Rc8 20. h4 Nc5 21. h5 Nf5 22. Ne4 Nxe4 23. Bxe4 Ng3 24. Rhe1 Nxe4 25. Rxe4 O-O 26. f5 Rcd8 27. Qf4 Rxd1+ 28.
Kxd1 g5 29. f6 gxf4 30. fxe7 Re8 31. Rxf4 Rxe7 32. cxb5 axb5 33. Rf5 Kg7 34. Kc2 Re6 35. Kd3 Kf8 36. Kd4 Ke7 37. Kc5 h6 38. b3 Ke8 39. a4 bxa4 40. bxa4 Re7 41. Kxc6 Ra7 42.
Kb5 Ke7 43. a5 Ke6 44. Rf6+ Kxe5 45. Rxh6 f5 46. a6 f4 47. Kb6 Rf7 48. a7 Rf8 49.
Rh7 f3 50. Rf7 Rxf7 51. a8=Q Rf6+ 52. Kc5 f2 53. Qb8+ Kf5 54. Qc8+ Kg5 55. Qg8+ Kxh5 56.
Qh7+ Kg5 57. Qg7+ Kf5 58. Qh7+ Ke6 59. Qh3+ Ke5 60. Qf1 Ke4 61. Kc4 Ke3 62. Kc3 Rf4 63. Kc2 Kf3 64. Qh3+ Ke2 65. Qd3+ 1-0

[Event "Early-Titled-Tuesday-Blitz-February-20-2024"]
[Site "Chess.com"]
[Date "2024.02.20"]
[Round "11"]
[White "NastyaHn"]
[Black "Lady_Nika"]
[Result "1-0"]
[WhiteElo "2458"]
[BlackElo "2550"]
[TimeControl "180+1"]
[EndTime "10:10:27 PST"]
[Termination "NastyaHn won on time"]

1. Nc3 d5 2. e4 d4 3. Nce2 c5 4. Ng3 Nc6 5. Bc4 e5 6. Nf3 f6 7. a4 Bd6 8. d3 Nge7 9. Nh4 g6 10. Bh6 Na5 11. Ba2 c4 12. dxc4 Bb4+ 13. Kf1 Be6 14. Bg7 Rg8 15. Bxf6 Qc7 16. Nf3 Bxc4+ 17. Kg1 Bxa2 18.
Rxa2 Nac6 19. h4 Rf8 20. Bg5 O-O-O 21. h5 Rd7 22. hxg6 Nxg6 23. Nf5 Nce7 24. Ng3 Nc6 25. Nf5 Nf4 26. Bxf4 exf4 27. Qd3 Rdf7 28. Ra1 Bc5 29.
Qc4 b6 30. Qe6+ Kb8 31. Rd1 Rf6 32. Qd5 Rg6 33. Kf1 Rfg8 34. Rh2 Nb4 35. Qb3 h5 36. c3 dxc3 37. bxc3 Nc6 38. N3h4 Rg4 39. f3 R4g5 40. Qc4 Ne5 41. Qd5 Nc6 42. Nh6 R8g7 43. N4f5 R7g6 44. Qc4 Qh7 45. Qb5 Rxh6 46. Nxh6 Qxh6 47. Rd5 Qe6 48. Rxg5 Qa2 49. Rd5 Qa1+ 50. Ke2 Qa2+ 51. Rd2 Qe6 52. Qd3 Qg6 53. Qd5 Qg3 54. Qxh5 Qf2+ 55. Kd1 Qf1+ 56.
Kc2 Qc4 57. Qe8+ Kb7 58. Rh7+ Ka6 59. Qf7 Qxa4+ 60. Qb3 Qa5 61. Qc4+ b5 62. Qxc5 Qa2+ 63. Kd3 Qb1+ 64. Ke2 Na5 65. Qd6+ 1-0

[Event "Early-Titled-Tuesday-Blitz-February-20-2024"]
[Site "Chess.com"]
[Date "2024.02.20"]
[Round "11"]
[White "ExtremeLearner"]
[Black "pauliukevicius"]
[Result "1/2-1/2"]
[WhiteElo "2581"]
[BlackElo "2388"]
[TimeControl "180+1"]
[EndTime "10:10:30 PST"]
[Termination "Game drawn by repetition"]

1. d4 Nf6 2. c4 g6 3. Nc3 d5 4.
cxd5 Nxd5 5. e4 Nxc3 6. bxc3 Bg7 7. Bc4 c5 8. Ne2 O-O 9. Be3 Nc6 10. h4 h5 11. O-O e6 12. Bg5 Qb6 13. Rb1 Qa5 14. Rb5 Qc7 15. Rxc5 b6 16. Rb5 Ba6 17. Qd3 Bxb5 18. Bxb5 e5 19. d5 Na5 20. d6 Qb7 21. Be7 a6 22. Ba4 b5 23. Bb3 Rfe8 24. d7 Nxb3 25.
dxe8=Q+ Rxe8 26. Bb4 a5 27. axb3 axb4 28. cxb4 Bf8 29.
Nc3 Kg7 30. Nd5 Rc8 31. Ra1 Be7 32. Qe3 Bxh4 33. Ra7 Qc6 34. Qf3 Rf8 35. Rc7 Qa6 36.
g3 Bd8 37. Rc5 h4 38. Kg2 hxg3 39. Qxg3 Re8 40. Rc1 Qa2 41. Rh1 Qe2 42. Ne3 Bf6 43. Qh3 Kf8 44. Rd1 Kg7 45. Rh1 Kg8 46. Qh7+ Kf8 47. Qh6+ Bg7 48. Qg5 Qd3 49. Qg4 Qxb3 50. Rd1 Qe6 51. Qxe6 Rxe6 52. Rd8+ Ke7 53. Rb8 Bh6 54.
Nd5+ Kd7 55. Rxb5 Rd6 56. Rb7+ Ke8 57. b5 f5 58. Kf3 g5 59. Re7+ Kf8 60. Rxe5 g4+ 61.
Ke2 fxe4 62. Ne3 Bxe3 63. Kxe3 Rd3+ 64. Kxe4 Rb3 65. Rf5+ Ke7 66. Kf4 Rb4+ 67. Kg3 Ke6 68. Rg5 Kf6 69. Rh5 Kg6 70. Rc5 Kf6 71. Rc6+ Kf5 72. Rc5+ Kf6 73. Kh4 Kg6 74. Rg5+ Kf6 75. Kh5 Kf7 76. Kh6 Kf6 77. Rg6+ Kf5 78. Rg5+ Kf6 79.
Kh5 Kf7 80. Kh6 Kf6 1/2-1/2

[Event "Early-Titled-Tuesday-Blitz-February-20-2024"]
[Site "Chess.com"]
[Date "2024.02.20"]
[Round "11"]
[White "IndianSchoolOfSuffering"]
[Black "SaiAgni_98"]
[Result "1/2-1/2"]
[WhiteElo "2442"]
[BlackElo "2556"]
[TimeControl "180+1"]
[EndTime "10:10:31 PST"]
[Termination "Game drawn by stalemate"]

1. e4 d6 2. d4 Nf6 3. Nc3 Nbd7 4.
Nf3 e5 5. Bc4 Be7 6. O-O O-O 7. a4 c6 8. h3 Qc7 9. Be3 b6 10. Re1 a6 11. Ba2 Bb7 12. Qd2 b5 13. Bg5 b4 14. Nd1 c5 15. d5 Nb6 16. a5 Nc8 17.
Bc4 Nh5 18. Ne3 Bxg5 19. Nxg5 h6 20. Nf3 Qe7 21. g3 Qf6 22. Kg2 Ne7 23. Ng4 Qg6 24. Nh4 Qh7 25. Ne3 Qxe4+ 26. f3 Qd4 27. Qxd4 cxd4 28. Nef5 Nxf5 29. Nxf5 Rfd8 30. Ra4 g6 31. Rxb4 gxf5 32. Rxb7 f4 33. g4 Nf6 34.
Ra1 Rdc8 35. b3 Rc5 36. Ra4 Nxd5 37. Bxd5 Rxd5 38. Kf2 Rc5 39. Rc4 Rxc4 40. bxc4 Rc8 41. Rb4 Rc5 42. Ra4 d5 43. cxd5 Rxc2+ 44. Ke1 Rc5 45.
d6 Rd5 46. Rb4 Rxd6 47. Rb6 Rd5 48. Rxa6 Kg7 49. Kd2 Rb5 50. Kd3 Rb3+ 51. Ke4 Re3+ 52. Kf5 e4 53. Kxf4 exf3 54. Kg3 Ra3 55. Rd6 Rxa5 56.
Rxd4 Ra3 57. Rf4 Kg6 58. Rxf3 Ra1 59. h4 Ra4 60. h5+ Kg7 61. Rf5 Ra3+ 62. Rf3 Ra4 63.
Rf4 Ra6 64. Rf3 Kf8 65. Rf4 Ke7 66. Rf3 Re6 67. Rf4 Kf8 68. Rf3 Kg7 69. Rf4 Re5 70. Rf3 Rg5 71. Rf4 f6 72. Kf3 Kf7 73. Kg3 Ke6 74. Rf3 Ke5 75. Rf4 f5 76. Rxf5+ Rxf5 77. gxf5 Kxf5 78. Kh3 Kg5 79. Kg3 Kxh5 80. Kh3 Kg5 81.
Kg3 h5 82. Kh3 h4 83. Kg2 Kg4 84. Kh2 Kh5 85. Kg2 Kg5 86. Kh2 Kg4 87. Kg2 h3+ 88.
Kh2 Kh4 89. Kg1 Kg3 90. Kh1 Kf3 91.
Kh2 Kg4 92. Kh1 Kg3 93. Kg1 h2+ 94. Kh1 Kh3 1/2-1/2

[Event "Early-Titled-Tuesday-Blitz-February-20-2024"]
[Site "Chess.com"]
[Date "2024.02.20"]
[Round "11"]
[White "Goryachkina"]
[Black "mbojan"]
[Result "0-1"]
[WhiteElo "2704"]
[BlackElo "2877"]
[TimeControl "180+1"]
[EndTime "10:10:32 PST"]
[Termination "mbojan won on time"]

1. e4 c5 2. Nf3 e6 3. g3 d5 4. exd5 exd5 5. d4 Nf6 6. Bb5+ Nc6 7. O-O Be7 8. Re1 O-O 9. Bf1 Bg4 10. dxc5 Bxc5 11. h3 Bh5 12. g4 Bg6 13. Be3 d4 14. Bg5 h6 15. Bh4 Qd6 16. Nbd2 Rae8 17. Nc4 Qd5 18.
Bxf6 Rxe1 19. Nxe1 gxf6 20. b3 Ne5 21. Bg2 Qe6 22.
Nd3 Nxd3 23. cxd3 b5 24. Nd2 Bxd3 25. Nf3 Qe2 26. Qc1 Bb6 27. Qxh6 Re8 28. g5 fxg5 29.
Qxg5+ Bg6 30. h4 d3 31. Rf1 Qe7 32. Qg4 Qe4 33. Qg3 Qf5 34. Bh3 Qd5 35. Bg4 Kf8 36. Qf4 Re4 37. Qh6+ Ke7 38. Bh3 Re2 39. Bg2 Qc5 40.
Qf4 Rxf2 41. Rxf2 Qxf2+ 42. Kh2 Qc5 43. Qd2 Qd6+ 44. Kh1 Qe6 45. Qg5+ Qf6 46. Qg4 Qe6 47. Qg5+ Kf8 48. Qh6+ Kg8 49. h5 Bf5 50. Qg5+ Kh8 51. h6 Bg6 52. Nh4 Qe1+ 53. Kh2 Bc7+ 54. Kh3 Qe6+ 55.
Qg4 Qxg4+ 56. Kxg4 d2 57. Nxg6+ fxg6 58. Bf3 Kh7 59. Bd1 Kxh6 60. Kh4 Kg7 61. Kg4 Kf6 62.
Bc2 g5 63. Kf3 Ke5 64. Bd1 Kd4 65.
a4 b4 66. Kg4 Bf4 67. Kf3 Kc3 68. Kf2 Kb2 69. Kf1 Kc1 0-1

[Event "Early-Titled-Tuesday-Blitz-February-20-2024"]
[Site "Chess.com"]
[Date "2024.02.20"]
[Round "11"]
[White "DefiantChair"]
[Black "Brave_spirit12"]
[Result "1-0"]
[WhiteElo "2596"]
[BlackElo "2720"]
[TimeControl "180+1"]
[EndTime "10:10:34 PST"]
[Termination "DefiantChair won by resignation"]

1. e4 e6 2. d4 d5 3. Nd2 Nf6 4. e5 Nfd7 5. Bd3 c5 6. c3 Nc6 7.
Ne2 f6 8. Nf4 Qe7 9. Qh5+ Qf7 10.
Bg6 hxg6 11. Qxh8 fxe5 12. Ne2 cxd4 13. cxd4 exd4 14. O-O Nde5 15. Nb3 d3 16. Ned4 Bd7 17. Bg5 Rc8 18. Rad1 Nxd4 19. Nxd4 Rc4 20. Rfe1 Rxd4 21. Rxe5 Re4 22. Rxe4 dxe4 23. Qh4 Qf5 24. Be3 Be7 25.
Qg3 Kf7 26. Qc7 Bc6 27. Qf4 e5 28. Qg3 Qe6 29. b3 a5 30. Bd2 a4 31. Rb1 axb3 32. axb3 Qf5 33. Qe3 g5 34. b4 g4 35. b5 Bd5 36. Bb4 Bf6 37. Qc5 Qd7 38. Bd2 Be6 39.
Rc1 Kg6 40. b6 Bd5 41. Qc7 Qf5 42. Qc8 Qxc8 43. Rxc8 Kf7 44. Be3 Ke6 45. Kf1 Be7 46. h3 gxh3 47. gxh3 Bd6 48. h4 Bb3 49. h5 Ba4 50.
Rg8 Kf7 51. Rc8 Be7 52. Rc7 Bc6 53. Bd2 Ke6 54. Be3 Bf8 55. Ke1 Bb4+ 56. Bd2 Be7 57. Kd1 Bf8 58. Be3 Be8 59. Rxb7 Bxh5+ 60. Kc1 Ba3+ 61.
Kb1 Kd6 62. Rxg7 Kc6 63. b7 Bd6 64. Rh7 Be8 65. Rh6 Kxb7 66. Rxd6 Ba4 67. Re6 Bc2+ 68. Kc1 1-0

[Event "Early-Titled-Tuesday-Blitz-February-20-2024"]
[Site "Chess.com"]
[Date "2024.02.20"]
[Round "11"]
[White "Lucky_Puncher"]
[Black "CM_rui"]
[Result "1-0"]
[WhiteElo "2512"]
[BlackElo "2589"]
[TimeControl "180+1"]
[EndTime "10:10:43 PST"]
[Termination "Lucky_Puncher won by checkmate"]

1. d4 Nf6 2. c4 e6 3. Nc3 Bb4 4. e3 O-O 5. Bd3 d6 6. Ne2 b6 7. O-O Bxc3 8. Nxc3 Bb7 9. e4 e5 10. d5 a5 11. a3 Na6 12. Be3 Bc8 13. f3 Bd7 14. Rb1 Nc5 15. Bc2 Nh5 16. b4 axb4 17.
axb4 Nb7 18. Qd2 Qf6 19. Ne2 Ra2 20. Ra1 Rfa8 21. Qc3 Nf4 22. Nxf4 exf4 23. Qxf6 gxf6 24. Bd4 Kg7 25. Rfc1 Nd8 26. Kf1 c5 27. bxc5 bxc5 28. Bc3 h5 29. Ke1 h4 30. h3 Nb7 31. Kd1 R8a3 32. Rxa2 Rxa2 33. Ra1 Rxa1+ 34. Bxa1 Na5 35. Bd3 Ba4+ 36. Ke2 Bb3 37. Bc3 Nxc4 38. Be1 Ne3 39. Bxh4 c4 40. Bb1 c3 41. Bd3 Bc4 42. Bxc4 Nxc4 43.
Kd3 Ne3 44. Kxc3 Nxg2 45. Bf2 Kg6 46. Kd3 Kg5 47. Ke2 Nh4 48. Bb6 Ng6 49. Bc7 f5 50.
Bxd6 fxe4 51. fxe4 f5 52. e5 Nh4 53. e6 f3+ 54. Kf2 Kf6 55. Bc7 Ke7 56. Bf4 Kf6 57. Bg3 Ng6 58. Kxf3 Ke7 59. h4 Kf6 60. h5 Nf8 61.
Bh4+ Ke5 62. e7 f4 63. exf8=Q Kd4 64. Qxf4+ Kc3 65. d6 Kc2 66. d7 Kc3 67. d8=Q Kb2 68. Qfc7 Ka2 69. Qdb8 Ka1 70. Qca7# 1-0

[Event "Early-Titled-Tuesday-Blitz-February-20-2024"]
[Site "Chess.com"]
[Date "2024.02.20"]
[Round "11"]
[White "Dewarfd"]
[Black "martinmena"]
[Result "1-0"]
[WhiteElo "2157"]
[BlackElo "2192"]
[TimeControl "180+1"]
[EndTime "10:10:53 PST"]
[Termination "Dewarfd won by checkmate"]

1. d4 d5 2. e3 Nf6 3. Nf3 e6 4. Bd3 Bd6 5. O-O O-O 6. b3 b6 7. Nbd2 Bb7 8. Ba3 Bxa3 9. c4 Bd6 10.
Rc1 c5 11. cxd5 Nxd5 12. e4 Nf4 13. Bb1 cxd4 14. Nxd4 Bc5 15. N4f3 Ba6 16. Re1 Bd3 17. Ne5 Qd4 18. Rxc5 bxc5 19. Ndf3 Qd6 20. Nxd3 Nxd3 21.
e5 Qd7 22. Bxd3 Rd8 23. Re3 g6 24. Ng5 Qd4 25. Qf3 Qd7 26. Ne4 Kg7 27. Nf6 Qc6 28. Be4 Qa6 29. Bxa8 Qxa2 30. h4 Qb1+ 31. Kh2 Rd1 32.
Ng4 Rh1+ 33. Kg3 Qf5 34. Qxf5 gxf5 35. Nh2 Rb1 36. Nf3 Nd7 37. Bc6 Nb6 38. Bb5 Nd5 39. Rd3 f4+ 40. Kh2 Rf1 41. Rd2 Rb1 42.
Bc4 a5 43. Bxd5 exd5 44. Rxd5 c4 45. bxc4 a4 46. Ra5 Rb4 47. c5 Rc4 48. Ng5 a3 49. Rxa3 Rxc5 50. Nf3 h6 51. Kh3 Rc4 52. Kg4 Kg6 53.
Ra6+ Kg7 54. Ra7 Rc3 55. e6 Kf8 56. Rxf7+ Ke8 57. Kf5 Rc5+ 58. Kf6 Rc6 59. Ne5 Rc5 60. Rh7 Kd8 61. Rh8+ Kc7 62. e7 Rxe5 63. Kxe5 Kb6 64. e8=Q f3 65. gxf3 h5 66. Rh6+ Kc5 67. Qe6 Kb4 68.
Qb6+ Kc3 69. Qd4+ Kb3 70. Rc6 Ka3 71. Qb6 Ka2 72. Rc7 Ka1 73. Ra7# 1-0

[Event "Early-Titled-Tuesday-Blitz-February-20-2024"]
[Site "Chess.com"]
[Date "2024.02.20"]
[Round "11"]
[White "klimkoj"]
[Black "Salem-AR"]
[Result "1-0"]
[WhiteElo "2894"]
[BlackElo "2980"]
[TimeControl "180+1"]
[EndTime "10:11:03 PST"]
[Termination "klimkoj won by resignation"]

1. Nf3 c5 2. e4 d6 3. d4 cxd4 4. Nxd4 Nf6 5. Nc3 Nc6 6. f3 g6 7. Be3 Bg7 8. Qd2 h5 9. O-O-O Bd7 10. Kb1 Rc8 11. f4 a6 12. f5 Ne5 13. Bg5 gxf5 14.
Nxf5 Bxf5 15. exf5 Kf8 16. Bxf6 Bxf6 17. Nd5 Nd7 18.
Qe3 Be5 19. Be2 Nf6 20. Nb6 Rc6 21. Nc4 Qc7 22. Nxe5 dxe5 23. c3 e4 24. g3 Rc5 25.
Rhf1 a5 26. h3 b6 27. g4 hxg4 28. hxg4 Rh2 29. g5 Nd5 30. Qxe4 Qc6 31. Qd4 Ke8 32. Rd2 Qd6 33. Rfd1 Qg3 34. Bc4 Rh4 35. Qg7 Rhxc4 36.
Qg8+ Kd7 37. Rxd5+ Rxd5 38. Rxd5+ Kc6 39. Rd1 Qf3 40.
Qc8+ Kb5 41. a4+ Rxa4 42. Qd7+ Ka6 43. Qc8+ Qb7 44. Qxb7+ Kxb7 45. Rd7+ Kc6 46. Rxe7 Rg4 47. Rxf7 Rxg5 48. f6 Rf5 49. Rf8 a4 50. Ka2 Rf2 51.
Ka3 Kb7 52. f7 b5 53. Ka2 Ka7 54. Kb1 Kb7 55. Kc1 Ka7 56. Kd1 Kb7 57. Ke1 Rf6 58. Ke2 Ka7 59. Ke3 Kb7 60. Ke4 Rf2 61. Kd5 Ka7 62.
Kc6 Rf5 63. Kc7 Rf2 64. Kc6 Rf5 65. Kd6 Rf2 66. Kd7 Kb7 67. Ke6 Re2+ 68. Kd5 Rf2 69. Kc5 Ka7 70. Kxb5 Rxb2+ 71. Kxa4 Rf2 72. c4 Kb7 73. c5 Rf6 74. Kb4 Ka7 75. Kb5 Rf5 76. Kc4 Rf1 77. c6 Rf2 78. Kd3 Rf3+ 79. Ke4 Rf1 80. c7 Re1+ 81. Kf3 Rf1+ 82. Ke2 Rf6 83. c8=Q Rc6 84. Qa8+ 1-0